← All builds
Tech / Armada / Economy first / OBSERVED BUILD

Standard tech

Armada Tech (Eco) build order · Supreme Isthmus

Rushes T2 factory and T2 constructor to supply the team, upgrading mexes first and sending the first T2 constructor to Geo before scaling its own eco.

Usually first T2 con to Geo (82%)

#eco #t2 #team support · 1779 distinct matches · 271 players · 59% of Armada Tech games · team won 54% of 2103 · Recently observed

HOW TO PLAY IT

Key timing: T2 factory by 4:15

  1. Open 3 mex and heavy wind to fund a fast T2 rush.
  2. Put down Bot Lab, planning to eat it for reclaim soon after.
  3. Get Advanced Bot Lab up, hitting the T2 factory rush timing.
  4. Upgrade mex to Advanced Metal Extractor to lock in team metal income.
  5. Eat Advanced Bot Lab and keep sending cons to Geo and Pond.

Phase by phase

TYPICAL OF ITS 1779 GAMES
  1. 1
  2. 2
  3. 3
  4. 4
PLAY THE OPENING

Follow the example game's first 6:00 step by step: what to build now, what comes next, and where it goes. At 1× it keeps pace with your own game.

  1. 1

    Up to the Bot Lab

    Economy
    • Metal Extractor3Mex
    • Wind Turbine4Wind
    Order
    1. Bot LabBot Lab after 3 mex, 4 winddone ~1:18, middle half 1:13–1:32

    Some games also: energy storage (32%)

    By 1:01 in all: 3 mex · 4 wind

    The example game in this phase · 4 steps
    1. Mex ×3
    2. Wind ×4
    3. Energy storage
    4. Bot LabBot Labdone 1:33 · typical 1:18
  2. 2

    Bot Lab to Advanced Bot Lab

    Economy
    • Metal Extractor1Mex
    • Wind Turbine8Wind
    • Energy Storage1Energy storage
    Order
    1. Advanced Bot LabAdvanced Bot Lab after 4 mex, 12 wind, 3 con turretdone ~4:16, middle half 4:04–4:30
    Builders
    • Construction Turret3 Con turret
    • Lazarus3 Lazarus
    • Construction Bot2 Con bot
    • Construction Bot1 Con bot for allies

    Some games also: converter (36%)

    By 3:18 in all: 4 mex · 12 wind · 1 energy storage · 3 con turret

    The example game in this phase · 13 steps
    1. LazarusLazarus
    2. Wind
    3. Construction BotCon bot
    4. Construction BotCon botfor Air
    5. Wind ×2
    6. LazarusLazarus
    7. Wind
    8. Solar
    9. Mex
    10. Construction BotCon bot
    11. Wind
    12. Con turret ×2
    13. Advanced Bot LabAdvanced Bot Labdone 4:13 · typical 4:16
  3. 3

    Advanced Bot Lab to 5:00

    Economy
    • Wind Turbine3Wind
    Order
    1. Bot LabEat Bot Lab
    Builders
    • Advanced Construction Bot1 T2 con bot for allies

    Some games also: converter (35%)

    By 5:00 in all: 4 mex · 15 wind · 1 converter · 1 energy storage · 3 con turret

    The example game in this phase · 5 steps
    1. Bot LabEat Bot Labreclaimed for its metal
    2. Wind ×2
    3. Advanced Construction BotT2 con botfor Geo
    4. Advanced Metal ExtractorT2 mexdone 5:49 · typical 5:28
    5. SharpshooterSniper bot ×2for Ponddone 4:56
  4. 4

    5:00 to 10:00

    Economy
    • Wind Turbine43Wind
    • Energy Converter6Converter
    Builders
    • Butler9 Butler
    • Advanced Construction Bot4 T2 con bot for allies
    • Advanced Construction Bot1 T2 con bot

    Some games also: con turret (42%) · Butler for allies (36%)

    By 10:00 in all: 4 mex · 59 wind · 8 converter · 1 energy storage · 3 con turret

    The example game in this phase · 39 steps
    1. SmugglerJammer botfor Pond
    2. Advanced Construction BotT2 con botfor Air
    3. Advanced Metal ExtractorT2 mex ×2
    4. Advanced Construction BotT2 con botfor Geo sea
    5. Advanced Metal ExtractorT2 mex
    6. Advanced Construction BotT2 con botfor Beach sea
    7. ButlerButler ×3
    8. Advanced Construction BotT2 con botfor Suicide front
    9. Wind
    10. Advanced Construction BotT2 con botfor Pond
    11. Wind ×10
    12. ButlerButler
    13. Wind ×4
    14. ButlerButler
    15. Wind ×2
    16. ButlerButler
    17. Wind ×2
    18. ButlerButler
    19. Wind ×2
    20. ButlerButler
    21. Wind ×3
    22. ButlerButler
    23. Wind ×6
    24. ButlerButler
    25. Wind ×4
    26. ButlerButler
    27. Wind
    28. Converter
    29. Wind ×3
    30. ButlerButler
    31. Wind ×2
    32. Converter
    33. Wind ×4
    34. ButlerButler
    35. Wind ×3
    36. Converter
    37. Wind ×5
    38. ButlerButler
    39. Wind

Counts are medians over the build's games: half of them build more, half fewer. The example game is BigRowan's (33 OS, 20/08/2026); pick another.

Team trades

IN AT LEAST 30% OF ITS GAMES

You hand over

  • Construction Bot1 Con bot to Airfirst at 2:23 · in 83% of games
  • Advanced Construction Bot5 T2 con bot to Air or Pond or Geo seafirst at 4:51 · in 99% of games
  • Butler2 Butler to Geo sea or Beach sea or Pondfirst at 9:06 · in 42% of games

You get

  • Hercules1 Light transport from Airfirst at 4:01 · in 86% of games

How it plays out

Typical game of this build, running totals by minute

Metal produced

020k40k
0:005:0010:0015:00

metal

Enemy metal destroyed

050100
0:005:0010:0015:00

metal

Own metal lost

050100150
0:005:0010:0015:00

metal

2103 games.

Show as table
ByMetal produced: This buildEnemy metal destroyed: This buildOwn metal lost: This build
1:0038300
2:0091500
3:00165500
4:00314800
5:00484700
6:00580500
7:00724700
8:00908400
9:001121800
10:001354500
11:001626000
12:001967800
13:002346800
14:0027372074
15:003159093130
WHAT THE NUMBERS SAY

Standard Tech play barely fights at all early, instead pouring metal into T2 infrastructure and constructors for the team.

  • + Metal produced hits 31679 by 15:00, by far the highest of any role here.
  • + T2 factory reached in 97% of games by 4:15, fastest and most reliable T2 timing.
  • − Enemy metal destroyed stays at 0 through 10:00, no early offense at all.
  • − Own metal lost also near 0, showing total avoidance of combat risk.
THE EXAMPLE YOU ARE READING

BigRowan

32.5 OS · 20/08/2026

Open source match ↗

2 received units
2380 metal received · 85654 energy received

Allied construction assistance is unknown. Timings are observations, not a promise of solo reproducibility.

Typical milestones

Bot Lab1:18Middle 50%: 1:13–1:32 · n=2103
Advanced Bot Lab4:16Middle 50%: 4:04–4:30 · n=2096
Advanced Metal Extractor5:28Middle 50%: 5:05–5:58 · n=2099

Played most by

Amrissa97games of this buildTheGeneraI70games of this buildAdeus62games of this buildUncle_Cane60games of this buildCrouxy54games of this build